 Dungeon Crawl Stone Soup version 0.27-a0-1006-g1fd4cec11e (webtiles) character file.

Game seed: 463088846546036560

0 spiderkeys the Skirmisher (level 1, -2/19 HPs)
             Began as a Demonspawn Abyssal Knight on Apr 17, 2021.
             Was a Follower of Lugonu.
             Killed from afar by a starcursed mass (8 damage)
             ... with an accursed screaming
             ... on level 4 of the Abyss.
             The game lasted 00:02:16 (343 turns).

spiderkeys the Skirmisher (DsAK)                     Turns: 343, Time: 00:02:17

Health: -2/19      AC:  3    Str: 12    XL:     1   Next: 0%
Magic:  0/2        EV: 11    Int: 13    God:    Lugonu [*.....]
Gold:   73         SH:  0    Dex: 12    Spells: 0/0 levels left

rFire    . . .     SeeInvis .   a - +1 spear
rCold    . . .     Faith    .   (no shield)
rNeg     . . .     Spirit   +   b - +0 leather armour
rPois    .         Reflect  .   (no helmet)
rElec    .         Harm     .   (no cloak)
rCorr    .         Rampage  .   (no gloves)
Will     .....                  (no boots)
Stlth    +.........             G - amulet of guardian spirit
HPRegen  0.06/turn              (no ring)
MPRegen  0.08/turn              (no ring)

@: no status effects
A: low mp 1, mutation resistance 1, robust 1
a: Renounce Religion, Depart the Abyss


You were on level 4 of the Abyss.
You worshipped Lugonu.
Lugonu was aware of your devotion.
You visited 0 branches of the dungeon, and saw 0 of its levels.
You visited the Abyss 1 time.

You collected 73 gold pieces.


Innate Abilities, Weirdness & Mutations

Your magical capacity is low. (-10% MP)
You are somewhat resistant to further mutation.
You are robust. (+10% HP)


   Skills:
 + Level 3.0 Fighting
 + Level 1.7 Polearms
 + Level 1.7 Armour
 + Level 0.8 Dodging
 + Level 2.4 Invocations


You couldn't memorise any spells.
You didn't know any spells.
Your spell library was empty.

Inventory:

Hand Weapons
 a - a +1 spear (weapon)
Armour
 b - a +0 leather armour (worn)
Jewellery
 G - an amulet of guardian spirit (around neck)
   (You found it on level 3 of the Abyss)
Scrolls
 c - a scroll of fog

Dungeon Overview and Level Annotations

Branches:
Dungeon (0/15)

Altars:

..... ....#
. .....
..... #
.....
.#XX#####
#X..@#.#
......#.#.#
. .....
##3# ...?
### ... ##
ยง .. . # #
. ..# # .#
# # #


You could see 3 starcursed masses and a ynoxinul.


Message History

๐Ÿค– Initializing magus.rc ... โœ… Successfully initialized magus.rc [v1.9.10] Welcome, spiderkeys the Demonspawn Abyssal Knight.
Will you prevail where others failed? Will you find the Orb of Zot?
Lugonu says: Depart the Abyss and spread corruption, my servant! (use the ability menu to exit the Abyss) Press ? for a list of commands and other information.
Found a corrupted altar of Lugonu.
Found a gateway leading out of the Abyss.
You now have 7 gold pieces.
There is a gateway leading out of the Abyss here.
Found a gateway leading deeper into the Abyss.
There is a gateway leading deeper into the Abyss here.
You plunge deeper into the Abyss.
A small abomination comes into view.
You now have 18 gold pieces (gained 11).
Found a gateway leading deeper into the Abyss.
There is a gateway leading deeper into the Abyss here.
You plunge deeper into the Abyss.
The abyssal rune of Zot can be found at this depth.
G - an amulet of guardian spirit You start putting on your amulet.
You continue putting on your amulet of guardian spirit. x5
You finish putting on your amulet of guardian spirit.
You feel your power drawn to a protective spirit.
G - an amulet of guardian spirit (around neck)
Found a gateway leading deeper into the Abyss.
c - a scroll labelled JOEXEU ANED
Found a bloodstained altar of Trog.
c - 2 scrolls labelled JOEXEU ANED (gained 1)
A quasit comes into view.
There is a gateway leading deeper into the Abyss here.
The quasit closely misses you.
The quasit claws you but does no damage. x2
You plunge deeper into the Abyss.
The abyssal rune of Zot can be found at this depth.
As you read the scroll labelled JOEXEU ANED, it crumbles to dust.
The scroll dissolves into smoke.
It was a scroll of fog.
A lurking horror comes into view.
d - a scroll labelled QOBLIS CILOY
As you read the scroll labelled QOBLIS CILOY, it crumbles to dust.
It is a scroll of identify.
You don't have any unidentified items.
d - a silvery potion A starcursed mass comes into view.
You now have 73 gold pieces (gained 55).
A small abomination comes into view.
You start waiting.
A small abomination comes into view.
You start waiting.
A ynoxinul comes into view.
A starcursed mass comes into view.
The starcursed mass shrieks in your mind. ๐Ÿ˜• HP[-4] MP[-1]
You take 4 damage, and now have 14/18 hp.
MASSIVE DAMAGE!! (PAUSE)
You lost 1 mp, and now have 1/2 mp.
It was a potion of mutation.
You feel extremely strange.
You feel less energetic.
You feel robust.
You feel genetically stable.
A starcursed mass splits.
A chorus of shrieks assaults your mind.
* * * LOW HITPOINT WARNING * * *
๐Ÿ˜จ HP[-8] MP[-1]
You now have 19 max hp (+1).
You take 8 damage, and now have 6/19 hp.
MASSIVE DAMAGE!! (PAUSE)
You lost 1 mp, and now have 0/2 mp.
Unknown command.
Unknown command.
You don't have enough magic at the moment.
The ynoxinul bellows!
A starcursed mass splits.
A chorus of shrieks assaults your mind.
You die...

Action                   || total
-------------------------++-------
  Use: Scroll            ||     2
       Potion            ||     1
Armor: Leather armour    ||     2
Dodge: Dodged            ||     1

Levels and vault maps discovered:
Abyss:4:  base: Temple, evilmike_abyss_exit_11, hangedman_abyss_or_decor_slice,
          kilobyte_mutagenic_chamber, due_exit_kobolds

Notes
Turn   | Place    | Note
-------+----------+-------------------------------------------
     0 | Abyss:1  | spiderkeys the Demonspawn Abyssal Knight began the quest
                  | for the Orb.
     0 | Abyss:1  | Reached XP level 1. HP: 18/18 MP: 2/2
     0 | Abyss:1  | magus.rc [v1.9.10]
    36 | Abyss:2  | Noticed a small abomination
    46 | Abyss:2  | Noticed a tentacled starspawn
    74 | Abyss:3  | Found a bloodstained altar of Trog.
   101 | Abyss:3  | Noticed a quasit
   111 | Abyss:3  | Found a bloodstained altar of Trog.
   166 | Abyss:4  | Noticed a starcursed mass
   188 | Abyss:4  | Noticed a small abomination
   322 | Abyss:4  | Noticed a small abomination
   340 | Abyss:4  | Killed a small abomination
   340 | Abyss:4  | Noticed a ynoxinul
   341 | Abyss:4  | Noticed a starcursed mass
   342 | Abyss:4  | Gained mutation: Your magical capacity is low. (-10% MP)
                  | [potion of mutation]
   342 | Abyss:4  | Gained mutation: You are robust. (+10% HP) [potion of
                  | mutation]
   342 | Abyss:4  | Gained mutation: You are somewhat resistant to further
                  | mutation. [potion of mutation]
   343 | Abyss:4  | Killed from afar by a starcursed mass

Vanquished Creatures (others)
  A small abomination (Abyss:4)
  2 starspawn tentacles (Abyss:2)
3 creatures vanquished.

Table legend:
 A = Non-vault XP
 B = Vault XP
 C = Vault XP percentage of total XP
 D = Non-vault monster count
 E = Vault monster count
 F = Vault count percentage of total count
                 A         B        C        D         E       F
            +---------+---------+-------+---------+---------+-------
      Total |       0 |       0 |   N/A |       0 |       0 |  -nan
            +---------+---------+-------+---------+---------+-------
            +---------+---------+-------+---------+---------+-------

Illustrated notes

Table legend: (Time is in decaauts)
 A = Elapsed time spent in this place.
 B = Non-inter-level travel time spent in this place.
 C = Inter-level travel time spent in this place.
 D = Time resting spent in this place.
 E = Time spent auto-exploring this place.
 F = Levels seen in this place.
 G = Mean time per level.
                   A        B        C        D        E       F      G
               +--------+--------+--------+--------+--------+-----+--------+
         Total |    342 |    342 |      0 |     39 |     31 |   4 |   85.5 |
         Abyss |    342 |    342 |      0 |     39 |     31 |   4 |   85.5 |
               +--------+--------+--------+--------+--------+-----+--------+

Top non-repeatable levels by time:
 Abyss:4: 224 daAuts
 Abyss:3: 63 daAuts
 Abyss:2: 33 daAuts
 Abyss:1: 20 daAuts
